 Dungeon Crawl Stone Soup version 0.23.0 (webtiles) character file.

Game seed: 8140162890560949117

36357 theswoord the Fencer (level 13, -6/172 HPs)
             Began as a Naga Berserker on Feb 12, 2019.
             Was a High Priest of Trog.
             Killed from afar by a molten gargoyle (10 damage)
             ... with a bolt of magma
             ... on level 6 of the Lair of Beasts.
             The game lasted 00:46:58 (15206 turns).

theswoord the Fencer (Naga Berserker)              Turns: 15206, Time: 00:46:59

Health: -6/172     AC: 15    Str: 26    XL:     13   Next: 89%
Magic:  13/13      EV: 12    Int:  8    God:    Trog [*****.]
Gold:   858        SH:  0    Dex: 14    Spells: 12/12 levels left

rFire    . . .     SeeInvis +   d - +3 triple sword (holy)
rCold    + . .     Gourm    .   (shield currently unavailable)
rNeg     . . .     Faith    +   O - +0 plate armour
rPois    +         Spirit   .   J - +2 hat {MR+}
rElec    .         Reflect  .   (no cloak)
rCorr    .         Harm     .   r - +0 pair of gloves
MR       ++++.                  (no barding)
Stlth    ..........             E - amulet of faith
HPRegen  1.38/turn              b - +4 ring of evasion
MPRegen  0.13/turn              j - ring of protection from cold

@: mighty, berserking (expiring), lethally poisoned (-6 -> -6), regenerating,
quick
A: large, see invisible, deformed body, poison resistance, slowness 2, slow
metabolism 1, spit poison 1, constrict 1, AC +4
a: Spit Poison, Berserk, Trog's Hand, Brothers in Arms, Renounce Religion


You were on level 6 of the Lair of Beasts.
You worshipped Trog.
Trog was extremely pleased with you.
You were not hungry.

You visited 2 branches of the dungeon, and saw 15 of its levels.
You also visited: Volcano.

You collected 988 gold pieces.
You spent 130 gold pieces at shops.

Inventory:

Hand Weapons
 d - a +3 triple sword of holy wrath (weapon)
 z - a +2 great sword of flaming
Missiles
 a - 4 exploding tomahawks (quivered)
Armour
 r - a +0 pair of gloves (worn)
 J - a +2 hat of magic resistance (worn)
 O - a +0 plate armour (worn)
Jewellery
 b - a +4 ring of evasion (left hand)
 j - a ring of protection from cold (right hand)
 m - an uncursed ring of stealth
 t - a cursed ring of teleportation
 x - an uncursed amulet of regeneration
 y - an uncursed ring of positive energy
 E - an amulet of faith (around neck)
 M - an uncursed ring of see invisible
Wands
 h - a wand of digging (5)
 k - a wand of clouds (7)
 n - a wand of scattershot (5)
 o - a wand of disintegration (12)
 C - a wand of paralysis (23)
 L - a wand of iceblast (17)
Scrolls
 e - 8 scrolls of remove curse
 g - 3 scrolls of blinking
 i - 5 scrolls of fear
 q - 3 scrolls of immolation
 u - 2 scrolls of amnesia
 H - 2 scrolls of identify
 I - 2 scrolls of teleportation
 K - 3 scrolls of enchant armour
 P - a scroll of magic mapping
Potions
 f - a potion of curing
 l - 4 potions of flight
 p - 4 potions of lignification
 s - 2 potions of cancellation
 v - a potion of degeneration
 w - a potion of invisibility
 A - a potion of resistance
 D - 2 potions of brilliance
 F - 2 potions of mutation
 G - 2 potions of might
 N - a potion of magic {unknown}
Comestibles
 c - 21 rations


   Skills:
 - Level 7.4 Fighting
 + Level 19.0 Long Blades
 - Level 5.9 Armour
 - Level 5.8 Dodging


You had 12 spell levels left.
You didn't know any spells.
Your spell library was empty.

Dungeon Overview and Level Annotations

Branches:
Dungeon (9/15)             Temple (0/1) D:7            Lair (6/6) D:9
 Shoals (0/4) Lair:4       Spider (0/4) Lair:2        Slime (0/5) Lair:5
    Orc (0/2) D:9

Altars:
Ashenzari
Cheibriados
Nemelex Xobeh
Okawaru
Qazlal
Sif Muna
Uskayaw
Vehumet
Wu Jian
Xom
Zin
The Shining One
Jiyva

Shops:
D:6 !}[=[   D:8 =   D:9 [[

Annotations:
Lair:4 exclusion: 2 oklob plants
Lair:6 3 runed translucent doors, Nutum's ghost, journeyman OpTm


Innate Abilities, Weirdness & Mutations

You cannot wear boots.
Your serpentine skin is tough. (AC +4)
You have supernaturally acute eyesight. (SInv)
Armour fits poorly on your strangely shaped body.
Your system is resistant to poisons. (rPois)
You cover ground very slowly.
You have a slow metabolism.
You can spit poison.
You can use your snake-like lower body to constrict enemies.


Message History

Unknown command.
You are too berserk!
You slice the hell hound!!
The hell hound convulses!
You kill the hell hound!
Trog accepts your kill.
You feel sick.
You hit the molten gargoyle but do no damage.
You grab the molten gargoyle. You constrict the molten gargoyle.
You slash the molten gargoyle!
You constrict the molten gargoyle, but do no damage.
The molten gargoyle closely misses you.
The molten gargoyle hits you with a +0 dire flail.
* * * LOW HITPOINT WARNING * * *
You are engulfed in flames!
* * * LOW HITPOINT WARNING * * *
You release your grip on the molten gargoyle.
You feel sick.
The molten gargoyle blasts magma at you!
The bolt of magma hits you!
You die...

# ## #.####
############## ##.
..P..P##...#..#.#....##..
)......................
..#..................
#.#@#...........P#..
#.###..........P...
#99###...........#. #..#
#..........#.. #...
###....#...#.. ....#
##....###... ....# #..###
##.. ..... #### ##.
....... ..


You could see a molten gargoyle.

Vanquished Creatures
  Gastronok (D:8)
  Kirke (Lair:5)
  Harold (D:7)
  6 hydras
  A centaur warrior (Volcano)
  A death yak (D:9)
  A hell knight (Volcano)
  A manticore (Lair:4)
  3 oklob plants (Lair:1)
  Joseph (D:8)
  An elephant (D:9)
  6 black mambas
  10 spiny frogs
  8 komodo dragons
  A rime drake (Lair:3)
  Prince Ribbit (D:7)
  5 blink frogs (Lair:4)
  7 dream sheep (Lair:5)
  5 hippogriffs
  23 yaks
  A redback (Lair:2)
  A spriggan (Lair:3)
  3 hogs (Lair:5)
  A wyvern (D:8)
  2 fire elementals (Lair:1)
  5 fire bats (Volcano)
  2 steam dragons
  11 water moccasins
  The ghost of crawlian the Firebug, an amateur DEFE (D:5)
  10 porcupines
  3 hell hounds (Lair:6)
  A sky beast (D:6)
  3 orc warriors
  An ice beast (D:8)
  A black bear (D:9)
  2 phantoms
  9 ogres
  An eye of draining (D:6)
  8 wolves (Lair:5)
  7 centaurs
  10 crocodiles
  A big kobold (D:8)
  Blork the orc (D:4)
  11 bullfrogs
  A gnoll sergeant (D:9)
  3 scorpions
  6 killer bees (D:9)
  4 wights (D:9)
  2 howler monkeys (D:4)
  6 lava snakes (Volcano)
  3 bullfrog zombies
  2 crimson imps
  3 hounds
  3 jellies
  A centaur zombie (D:5)
  3 orc priests
  2 bullfrog skeletons
  3 iguanas
  An orc wizard (D:9)
  8 worker ants
  2 hound zombies
  3 hound skeletons
  A worker ant zombie (D:6)
  5 gnolls (D:9)
  13 adders
  3 shadow imps
  An ooze (D:3)
  An adder skeleton (D:4)
  2 worms (D:3)
  3 dart slugs
  3 leopard geckos
  25 orcs
  3 ball pythons
  9 giant cockroaches
  5 goblins
  7 hobgoblins
  6 jackals
  3 quokkas
  6 bats
  2 frilled lizards
  A jackal skeleton (D:5)
  11 kobolds
  A leopard gecko skeleton (D:5)
  A quokka skeleton (D:6)
  4 rats
352 creatures vanquished.

Vanquished Creatures (others)
  A plant (Lair:1)
1 creature vanquished.

Grand Total: 353 creatures vanquished

Notes
Turn   | Place    | Note
-------+----------+-------------------------------------------
     0 | D:1      | theswoord the Naga Berserker began the quest for the Orb.
     0 | D:1      | Reached XP level 1. HP: 21/21 MP: 1/1
   467 | D:1      | Reached XP level 2. HP: 16/28 MP: 2/2
  1126 | D:2      | Reached skill level 4 in Long Blades
  1126 | D:2      | Reached XP level 3. HP: 21/34 MP: 3/3
  2016 | D:2      | Reached XP level 4. HP: 16/42 MP: 4/4
  2359 | D:3      | Found a glowing silver altar of Zin.
  2428 | D:3      | Reached skill level 5 in Long Blades
  2716 | D:3      | Reached ** piety under Trog
  2763 | D:3      | Noticed an ogre
  2770 | D:3      | Killed an ogre
  2770 | D:3      | Reached skill level 6 in Long Blades
  2770 | D:3      | Reached XP level 5. HP: 45/49 MP: 5/5
  2826 | D:3      | Reached XP level 6. HP: 22/56 MP: 6/6
  3108 | D:3      | Found a faded altar of an unknown god.
  3236 | D:4      | Noticed Blork the orc
  3247 | D:3      | Reached skill level 7 in Long Blades
  3388 | D:4      | Killed Blork the orc
  3613 | D:4      | Reached XP level 7. HP: 42/62 MP: 7/7
  3647 | D:4      | Reached skill level 8 in Long Blades
  3962 | D:4      | Found a glowing golden altar of the Shining One.
  4145 | D:5      | Entered Level 5 of the Dungeon
  4253 | D:5      | Reached skill level 9 in Long Blades
  4263 | D:5      | Found a shattered altar of Ashenzari.
  4292 | D:5      | Reached XP level 8. HP: 68/69 MP: 8/8
  4735 | D:5      | Reached skill level 10 in Long Blades
  4917 | D:5      | Found a runed translucent gate.
  4917 | D:5      | Found a runed translucent gate.
  4918 | D:5      | Found a runed translucent gate.
  4919 | D:5      | Noticed crawlian's ghost (amateur DEFE)
  5004 | D:5      | Killed crawlian's ghost
  5517 | D:5      | Found an ornate altar of the Wu Jian Council.
  5517 | D:5      | Found a sparkling altar of Nemelex Xobeh.
  5641 | D:6      | Found Egod's Armour Shop.
  5646 | D:6      | Reached *** piety under Trog
  5724 | D:6      | Reached skill level 11 in Long Blades
  5739 | D:6      | Reached XP level 9. HP: 44/75 MP: 2/9
  5884 | D:6      | Found Rerev's Jewellery Shoppe.
  5976 | D:6      | Found Kus Baon's Gadget Emporium.
  5994 | D:6      | Found Guddiusm's Armour Boutique.
  6155 | D:6      | Found Hiced's Distillery.
  6160 | D:6      | Bought a potion of heal wounds for 65 gold pieces
  6160 | D:6      | Bought a potion of heal wounds for 65 gold pieces
  6284 | D:6      | Got a crude iron ring
  6356 | D:7      | Noticed Prince Ribbit
  6363 | D:7      | Killed Prince Ribbit
  6363 | D:7      | Reached skill level 12 in Long Blades
  6410 | D:7      | Noticed Harold
  6432 | D:7      | Killed Harold
  6556 | D:7      | Found a glowing silver altar of Zin.
  6582 | D:7      | Reached skill level 13 in Long Blades
  6772 | D:7      | Found a staircase to the Ecumenical Temple.
  7116 | D:8      | Noticed Joseph
  7132 | D:8      | Killed Joseph
  7132 | D:8      | Reached XP level 10. HP: 84/84 MP: 10/10
  7333 | D:8      | Reached skill level 14 in Long Blades
  7403 | D:8      | Identified the ring "Qobod" {Ice *Corrode MR++ Dex+9
                  | Stlth-} (You found it on level 6 of the Dungeon)
  7424 | D:8      | Noticed Gastronok
  7452 | D:8      | Killed Gastronok
  7735 | D:8      | Found Iggeplawk's Jewellery Boutique.
  8192 | D:9      | Noticed an elephant
  8192 | D:9      | Noticed a death yak
  8210 | D:9      | Killed an elephant
  8210 | D:9      | Reached skill level 5 in Fighting
  8261 | D:9      | Found a staircase to the Lair.
  8460 | D:9      | Killed a death yak
  8460 | D:9      | Reached XP level 11. HP: 97/97 MP: 11/11
  8485 | D:9      | Reached **** piety under Trog
  8622 | D:9      | Found a staircase to the Orcish Mines.
  8622 | D:9      | Found Uvuwecuh's Armour Emporium.
  8721 | D:9      | Received a gift from Trog
  8842 | D:9      | Found an iron altar of Okawaru.
  8843 | D:9      | Found a shimmering altar of Xom.
  8845 | D:9      | Found a stormy altar of Qazlal.
  8845 | D:9      | Found a snail-covered altar of Cheibriados.
  8845 | D:9      | Found a radiant altar of Vehumet.
  8845 | D:9      | Found a deep blue altar of Sif Muna.
  8846 | D:9      | Found a hide-covered altar of Uskayaw.
  8875 | D:9      | Found Raotom's Antique Armour Shop.
  9070 | Lair:1   | Entered Level 1 of the Lair of Beasts
  9106 | Lair:1   | Reached skill level 5 in Armour
  9185 | Lair:1   | Found a dark tunnel.
  9196 | Lair:1   | Reached skill level 5 in Dodging
  9205 | Volcano  | Entered a volcano
  9516 | Volcano  | Noticed a centaur warrior
  9518 | Volcano  | Noticed a hell knight
  9529 | Volcano  | Killed a centaur warrior
  9562 | Volcano  | HP: 1/100 [hell knight/+1 flail of flaming (6)]
  9575 | Volcano  | Killed a hell knight
  9597 | Volcano  | Found a burning altar of Makhleb.
  9631 | Volcano  | Found a radiant altar of Vehumet.
 10052 | Lair:1   | Noticed an eight-headed hydra
 10060 | Lair:1   | Killed a five-headed hydra
 10060 | Lair:1   | Reached XP level 12. HP: 84/109 MP: 12/12
 10145 | Lair:1   | Noticed a six-headed hydra
 10149 | Lair:1   | Killed a three-headed hydra
 10149 | Lair:1   | Reached skill level 15 in Long Blades
 10350 | Lair:1   | Reached ***** piety under Trog
 10617 | Lair:1   | Received a gift from Trog
 11128 | Lair:2   | Found a hole to the Spider Nest.
 11139 | Lair:2   | Reached skill level 16 in Long Blades
 11669 | Lair:2   | Found the +8 whip "Snakebite" {curare, rPois}
 11876 | Lair:2   | Noticed a six-headed hydra
 11882 | Lair:2   | Killed a three-headed hydra
 12436 | Lair:3   | Reached skill level 17 in Long Blades
 12436 | Lair:3   | Gained mutation: You can use your snake-like lower body to
                  | constrict enemies. [Naga growth]
 12436 | Lair:3   | Reached XP level 13. HP: 115/115 MP: 13/13
 13214 | Lair:4   | Found a staircase to the Shoals.
 13760 | Lair:4   | Reached skill level 18 in Long Blades
 14623 | Lair:5   | Received a gift from Trog
 14652 | Lair:5   | Noticed Kirke
 14663 | Lair:5   | Killed Kirke
 14877 | Lair:5   | Found a viscous altar of Jiyva.
 14877 | Lair:5   | Found a staircase to the Slime Pits.
 15122 | Lair:6   | Entered Level 6 of the Lair of Beasts
 15155 | Lair:6   | Found a runed translucent gate.
 15155 | Lair:6   | Found a runed translucent gate.
 15155 | Lair:6   | Found a runed translucent gate.
 15155 | Lair:6   | Noticed Nutum's ghost (journeyman OpTm)
 15155 | Lair:6   | Noticed a death ooze
 15192 | Lair:6   | Reached skill level 19 in Long Blades
 15205 | Lair:6   | HP: 3/172 [molten gargoyle/+0 dire flail (7)]
 15206 | Lair:6   | Killed from afar by a molten gargoyle

Skill      XL: |  1  2  3  4  5  6  7  8  9 10 11 12 13 |
---------------+----------------------------------------+-----
Long Blades    | 4 6 7 9 11 13 14 17 19 | 19.0
Fighting       | 5 7 |  7.4
Armour         | 4 5 |  5.9
Dodging        | 4 5 |  5.8

Action                   |  1- 3 |  4- 6 |  7- 9 | 10-12 | 13-15 || total
-------------------------+-------+-------+-------+-------+-------++-------
Melee: Falchion          |   102 |   124 |    50 |       |       ||   276
       Scimitar          |       |       |   219 |   334 |       ||   553
       Great sword       |       |       |       |   194 |   132 ||   326
       Triple sword      |       |       |       |       |    57 ||    57
       Constrict         |       |       |       |       |    48 ||    48
Invok: Berserk           |     2 |     2 |     8 |    15 |     4 ||    31
       Trog's Hand       |       |       |       |       |     1 ||     1
 Abil: Spit Poison       |       |     2 |     5 |     5 |       ||    12
Evoke: Wand              |       |       |     2 |    11 |       ||    13
  Use: Scroll            |     6 |     4 |     7 |     3 |     7 ||    27
       Potion            |       |       |       |    10 |     2 ||    12
 Stab: Distracted        |       |     1 |       |       |       ||     1
       Sleeping          |       |       |     9 |       |       ||     9
       Paralysed         |       |       |     2 |     3 |       ||     5
  Eat: Chunk             |     3 |     7 |    13 |    21 |     7 ||    51
       Ration            |       |       |     1 |     2 |     2 ||     5
Armor: Animal skin       |    22 |     3 |       |       |       ||    25
       Ring mail         |       |    38 |    87 |    98 |       ||   223
       Plate armour      |       |       |       |   124 |   105 ||   229
Dodge: Dodged            |    70 |    64 |   109 |   243 |   110 ||   596
       Rpst.: Falchion   |    25 |    16 |     9 |       |       ||    50
       Scimitar          |       |       |    33 |    47 |       ||    80
       Great sword       |       |       |       |    19 |    21 ||    40
       Triple sword      |       |       |       |       |     8 ||     8

Levels and vault maps discovered:
D:1:      tarquinn_simple_flora_water_b, layout_basic
D:2:      layout_basic, lemuel_statue_altar
D:3:      layout_loops_ring, zin_academy, first_ration,
          chequers_ecumenical_altar_simple
D:4:      layout_cave_pools, marbit_many_paths, hangedman_decor_clover_reticule,
          kennysheep_path_1, uniq_blork_the_orc
D:5:      layout_basic, ashenzari_conservatory_becter,
          gammafunk_temple_overflow_pools, gammafunk_ghost_necromancy,
          minmay_between
D:6:      layout_rooms, serial_shops, kennysheep_little_box, shop, shop,
          nicolae_shop_statue_plus, shop
D:7:      layout_basic, minmay_temple_entry_fiery, basic_altar, uniq_harold,
          uniq_prince_ribbit1
D:8:      layout_basic, serial_shops, nicolae_shop_crystal, blue_anna_alchemist
          [blue_anna_fruit_fields, blue_anna_fruit_fields], uniq_joseph,
          uniq_gastronok
D:9:      layout_rooms, grunt_temple_overflow_open, david_lair_generic,
          orc_david_3, serial_shops, shop, hangedman_decor_diamond_cutter
Lair:1:   layout_gridlike, lightli_volcano_entry_magma_tube,
          minmay_lair_oklob_chamber, grunt_megastairs_2
Lair:2:   minmay_guarded_unrand_snakebite, layout_cave_pods,
          spider_nest_entry_webs
Lair:3:   layout_regular_city, st_stairs_7, grunt_forest_large_clearing_hut,
          serial_bayou_shore_b, grunt_megastairs_3, serial_bayou_shore_b
Lair:4:   dpeg_oklob_gauntlet, layout_gridlike, minmay_shoals_entry_beasts,
          st_stairs_11
Lair:5:   layout_cave_shapes, slime_altar_1, beast_lair_carwin_9, uniq_kirke
Lair:6:   cheibrodos_lair_end_hotspot, layout_long_grid, gammafunk_ghost_ooze,
          lemuel_fruit_fields
Volcano:  volcano_grotto [vgs_dualism]
